 Dungeon Crawl Stone Soup version 0.21.1-1-g345015fe64 (webtiles) character file.

109 RebellionBird the Slasher (level 4, -1/37 HPs)
             Began as a Demonspawn Gladiator on June 6, 2018.
             Slain by a centaur (7 damage)
             ... on level 3 of the Dungeon on June 7, 2018.
             The game lasted 00:06:27 (3228 turns).

RebellionBird the Slasher (Demonspawn Gladiator)    Turns: 3228, Time: 00:06:28

Health: -1/37      AC:  5    Str: 14    XL:     4   Next: 60%
Magic:  4/4        EV: 13    Int:  9    God:
Gold:   130        SH:  0    Dex: 16    Spells: 3/3 levels left

rFire    . . .     SeeInvis .   a - +0 long sword
rCold    + + .     Gourm    .   (no shield)
rNeg     . . .     Faith    .   b - +0 leather armour
rPois    .         Spirit   .   c - +0 helmet
rElec    .         Reflect  .   (no cloak)
rCorr    .         Harm     .   (no gloves)
MR       .....                  m - +0 pair of boots
Stlth    +.........             (no amulet)
HPRegen  0.12/turn              q - ring of protection from cold
MPRegen  0.09/turn              s - ring of protection from cold

@: no status effects
A: rot immunity, sturdy frame 1
a: no special abilities


You were on level 3 of the Dungeon.
You were not hungry.

You visited 1 branch of the dungeon, and saw 3 of its levels.

You collected 130 gold pieces.

Inventory:

Hand Weapons
 a - a +0 long sword (weapon)
Missiles
 d - 2 throwing nets (quivered)
 g - 7 javelins
Armour
 b - a +0 leather armour (worn)
 c - a +0 helmet (worn)
 m - a +0 pair of boots (worn)
Jewellery
 q - a ring of protection from cold (left hand)
 s - a ring of protection from cold (right hand)
Scrolls
 e - 2 scrolls of remove curse {unknown}
 h - a scroll of teleportation {unknown}
 i - 2 scrolls of identify {unknown}
 j - a scroll of enchant weapon {unknown}
 l - 2 scrolls of fog {unknown}
 p - a scroll of blinking {unknown}
Potions
 k - a potion of curing
 n - a potion of degeneration {unknown}
 o - 2 potions of heal wounds {unknown}
 r - a potion of lignification {unknown}
 t - a potion of flight {unknown}
Comestibles
 f - 4 rations
 u - a chunk of flesh


   Skills:
 + Level 3.7 Fighting
 + Level 4.0 Long Blades
 - Level 1.7 Throwing
 - Level 2.6 Dodging


You had 3 spell levels left.
You didn't know any spells.

Dungeon Overview and Level Annotations

Branches:
Dungeon (3/15)

Altars:
Gozag
Ru


Innate Abilities, Weirdness & Mutations

You are immune to rotting.
Your movements are slightly less encumbered by armour. (ER -2)


Message History

You hit the centaur but do no damage.
The centaur is heavily wounded.
The centaur hits you. The quokka misses you.
The centaur hits you but does no damage.
The kobold hits you but does no damage.
You hit the centaur.
The centaur is severely wounded.
The quokka bites you but does no damage.
The centaur completely misses you. The kobold closely misses you.
The quokka bites you.
The centaur hits you but does no damage.
You hit the centaur but do no damage.
The centaur is severely wounded.
The centaur hits you.
* * * LOW HITPOINT WARNING * * *
The quokka closely misses you. The kobold closely misses you.
You barely miss the centaur.
The centaur is severely wounded.
The centaur hits you!
You die...

.# #.# #.# ######.###
#.......># #..c.?...#
#.(.@K...# #....r...#
#........# #........#
#.......(############
######'###.....†.....
#.# #.########## #.#
#.# #.# #.#


You could see a centaur, a quokka and a kobold.

Vanquished Creatures
  A bullfrog skeleton (D:3)
  2 adders
  2 worms
  A dart slug (D:3)
  4 giant cockroaches
  4 hobgoblins
  2 jackals (D:3)
  12 kobolds
  A quokka (D:2)
  8 bats
  2 frilled lizards
  8 goblins
  5 rats
52 creatures vanquished.

Notes
Turn   | Place    | Note
-------+----------+-------------------------------------------
     0 | D:1      | RebellionBird the Demonspawn Gladiator began the quest for the Orb.
     0 | D:1      | Reached XP level 1. HP: 16/16 MP: 1/1
   442 | D:1      | Reached skill level 3 in Long Blades
   474 | D:1      | Gained mutation: You are immune to rotting. [demonic ancestry]
   474 | D:1      | Reached XP level 2. HP: 20/23 MP: 2/2
  1116 | D:2      | Reached XP level 3. HP: 27/28 MP: 3/3
  1680 | D:2      | Noticed a phantom
  2785 | D:2      | Found a sacrificial altar of Ru.
  2964 | D:3      | Found an opulent altar of Gozag.
  2987 | D:3      | Gained mutation: Your movements are slightly less encumbered by armour. (ER -2) [demonic ancestry]
  2987 | D:3      | Reached XP level 4. HP: 20/35 MP: 4/4
  3189 | D:3      | Reached skill level 4 in Long Blades
  3216 | D:3      | Noticed a centaur
  3228 | D:3      | Slain by a centaur

Skill      XL: |  1  2  3  4 |
---------------+-------------+-----
Long Blades    | 3 4 |  4.0
Fighting       | 3 |  3.7
Throwing       | |  1.7
Dodging        | |  2.6

Action                   |  1- 3 |  4- 6 || total
-------------------------+-------+-------++-------
Melee: Long sword        |   195 |    27 ||   222
Throw: Throwing net      |       |     1 ||     1
  Use: Potion            |     1 |       ||     1
 Stab: Sleeping          |     1 |     1 ||     2
  Eat: Chunk             |     3 |     1 ||     4
       Ration            |     1 |       ||     1
Armor: Leather armour    |    66 |    17 ||    83
Dodge: Dodged            |   159 |    26 ||   185
       Rpst.: Long sword |    44 |     3 ||    47
